 Dungeon Crawl Stone Soup version 0.25-a0-822-g6581751b11 (webtiles) character file.

Game seed: 12212158220645053591, levelgen mode: deterministic

196723 Flugkiller the Thaumaturge (level 17, -1/131 HPs)
             Began as a Mummy Air Elementalist on Apr 20, 2020.
             Was a Follower of Uskayaw.
             Slain by a tyrant leech (19 damage)
             ... on level 3 of the Swamp.
             The game lasted 01:57:08 (41905 turns).

Flugkiller the Thaumaturge (MuAE)                  Turns: 41905, Time: 01:57:09

Health: -1/131     AC: 43    Str: 14    XL:     17   Next: 75%
Magic:  0/42       EV: 11    Int: 16    God:    Uskayaw [*.....]
Gold:   1383       SH:  7    Dex: 19    Spells: 13/40 levels left

rFire    . . .     SeeInvis .   q - +9 dagger (distort)
rCold    + + .     Gourm    .   O - +1 buckler {AC+3}
rNeg     + + +     Faith    .   D - +11 chain mail of the Abyss {rF+ Int-2 Stlth+}
rPois    ∞         Spirit   +   g - +2 helmet
rElec    .         Reflect  .   t - +2 cloak {+Inv}
rCorr    .         Harm     .   a - +2 pair of gloves
MR       +++..                  j - +5 pair of boots of the Furrier {rC+}
Stlth    +.........             y - amulet of guardian spirit
HPRegen  0.31/turn              B - ring of Megalomania {MR+ MP+9 Dex+6}
MPRegen  0.28/turn              r - +6 ring of slaying

@: very slow
A: no food or potions, fire vulnerability, cold resistance 1, negative energy
resistance 3, torment resistance, unbreathing, in touch with death 1
}: 1/15 runes: gossamer
a: Stomp, Renounce Religion, Evoke Invisibility


You were on level 3 of the Swamp.
You worshipped Uskayaw.
Uskayaw was aware of your devotion.
You were not hungry.

You visited 6 branches of the dungeon, and saw 31 of its levels.
You visited 1 bazaar.
You also visited: Sewer, Ice Cave and Volcano.

You collected 3534 gold pieces.
You spent 2151 gold pieces at shops.

Inventory:

Hand Weapons
 q - a +9 dagger of distortion (weapon)
   (You took it off Psyche on level 8 of the Dungeon)
Missiles
 u - 6 curare-tipped darts (quivered)
Armour
 a - a +2 pair of gloves (worn)
   (You found it on level 15 of the Dungeon)
 g - a +2 helmet (worn)
   (You found it on level 4 of the Dungeon)
 j - the +5 pair of boots of the Furrier (worn) {rC+}
   (You bought it in a shop on level 2 of the Orcish Mines)

   It protects you from cold.
 n - a scarf of cloud immunity
   (You found it on level 6 of the Dungeon)
 t - a +2 cloak of invisibility (worn)
   (You bought it in a shop on level 2 of the Orcish Mines)
 D - the +11 chain mail of the Abyss (worn) {rF+ Int-2 Stlth+}
   (You found it on level 3 of the Lair of Beasts)

   It affects your intelligence (-2).
   It protects you from fire.
   It makes you more stealthy.
 O - a +1 buckler of protection (worn)
   (You took it off a tengu warrior on level 15 of the Dungeon)
Jewellery
 i - an uncursed ring of see invisible
   (You found it on level 3 of the Dungeon)
 k - an uncursed ring of ice
   (You found it on level 5 of the Dungeon)
 r - a +6 ring of slaying (right hand)
   (You took it off an orc on level 9 of the Dungeon)
 y - an amulet of guardian spirit (around neck)
   (You found it on level 1 of the Lair of Beasts)
 B - the ring of Megalomania (left hand) {MR+ MP+9 Dex+6}
   (You acquired it on level 6 of the Lair of Beasts)

   [ring of magical power]

   It affects your dexterity (+6).
   It affects your resistance to hostile enchantments.
   It affects your magic capacity (+9).
 L - the ring of Pyguiz {Ice Slay+2 SInv}
   (You found it on level 5 of the Lair of Beasts)

   [ring of ice]

   It enhances your ice magic.
   It affects your accuracy and damage with ranged weapons and melee attacks
   (+2).
   It makes you vulnerable to fire.
   It protects you from cold.
   It lets you see invisible.
Wands
 b - a wand of digging (17)
   (You bought it in a shop on level 8 of the Dungeon)
 c - a wand of disintegration (20)
   (You found it on level 8 of the Dungeon)
 l - a wand of paralysis (9)
   (You took it off an orc on level 9 of the Dungeon)
 s - a wand of flame (13)
   (You found it on level 2 of the Swamp)
 z - a wand of iceblast (6)
   (You found it on level 1 of the Lair of Beasts)
 G - a wand of polymorph (4)
   (You found it on level 4 of the Lair of Beasts)
 H - a wand of acid (13)
   (You found it on level 4 of the Lair of Beasts)
Scrolls
 d - 3 scrolls of amnesia
 e - 3 scrolls of teleportation
 f - 6 scrolls of magic mapping
 h - 15 scrolls of remove curse
 o - 5 scrolls of fear
 p - a scroll of silence
 v - 6 scrolls of enchant armour
 x - 5 scrolls of fog
 F - a scroll of blinking
 J - 6 scrolls of identify
 K - 2 scrolls of immolation
Miscellaneous
 m - a phial of floods
   (You found it on level 1 of the Lair of Beasts)
 I - a lightning rod (4/4)
   (You found it on level 4 of the Lair of Beasts)
 M - a phantom mirror


   Skills:
 - Level 11.0 Fighting
 - Level 8.0 Short Blades
 - Level 11.0 Armour
 - Level 7.4 Dodging
 - Level 5.0 Stealth
 - Level 4.0 Shields
 - Level 12.0 Spellcasting
 - Level 9.4 Conjurations
 + Level 6.6 Summonings
 + Level 8.1 Necromancy
 - Level 10.0 Air Magic
 + Level 6.7 Earth Magic
 - Level 9.0 Invocations


You had 13 spell levels left.
You knew the following spells:

 Your Spells              Type           Power        Failure   Level  Hunger
a - Shock                 Conj/Air       ####         1%          1    N/A
b - Swiftness             Chrm/Air       ####....     19%         2    N/A
c - Static Discharge      Conj/Air       #####...     5%          3    N/A
d - Airstrike             Air            #####.....   16%         4    N/A
e - Lightning Bolt        Conj/Air       #####.....   45%         5    N/A
f - Mephitic Cloud        Conj/Pois/Air  ####....     22%         3    N/A
g - Summon Lightning Spi  Summ/Air       #####...     32%         4    N/A
h - Borgnjor's Vile Clut  Necr/Erth      #####.....   80%         5    N/A

Your spell library contained the following spells:

 Spells                   Type           Power        Failure   Level  Hunger
 Poisonous Vapours        Pois/Air       ####..       19%         2    N/A
 Animate Dead             Necr           N/A          34%         4    N/A
 Recall                   Summ/Tloc      N/A          61%         3    N/A
 Sting                    Tmut/Pois      #...         69%         1    N/A
 Gell's Gravitas          Tloc           #.........   96%         3    N/A
 Ignite Poison            Fire/Tmut/Pois #.......     96%         3    N/A
 Portal Projectile        Hex/Tloc       #.....       96%         3    N/A
 Conjure Ball Lightning   Conj/Air       #####.....   96%         6    N/A
 Silence                  Hex/Air        ####......   98%         5    N/A
 Death Channel            Necr           ######....   99%         6    N/A
 Olgreb's Toxic Radiance  Pois           #.......     100%        4    N/A
 Dispersal                Tloc           #.........   100%        6    N/A
 Simulacrum               Ice/Necr       ####......   100%        6    N/A
 Controlled Blink         Tloc           N/A          100%        8    N/A
 Disjunction              Tloc           #.........   100%        8    N/A
 Tornado                  Air            #####.....   100%        9    N/A

Dungeon Overview and Level Annotations

Branches:
Dungeon (15/15)            Temple (1/1) D:5            Lair (6/6) D:9
  Swamp (3/4) Lair:3       Spider (4/4) Lair:3        Slime (0/5) Lair:6
    Orc (2/2) D:11            Elf (0/3) Orc:2        Vaults (0/5) D:14
 Depths (0/5) D:15          Sewer (visited)           IceCv (visited)
Volcano (visited)

Altars:
Cheibriados
Dithmenos
Elyvilon
Fedhas
Gozag
Kikubaaqudgha
Nemelex Xobeh
Okawaru
Qazlal
Ru
Sif Muna
Trog
Uskayaw
Vehumet
Wu Jian
Yredelemnul
Zin
The Shining One
Beogh
Jiyva

Shops:
D:6 %   D:8 *   D:14 :   Orc:1 *   Orc:2 (%([*

Annotations:
D:6 exclusion: statue
D:8 3 runed translucent doors, Grendash's ghost, novice MiFi; coffeespoons's ghost, novice TrHu; milk's ghost, novice MiFi; wintastic's ghost, novice HOFi; wintastic's ghost, novice MiFi
Lair:6 exclusion: oklob plant
Swamp:2 2 transporters, DrMuscles's ghost, adept SpEn


Innate Abilities, Weirdness & Mutations

You do not eat or drink.
Your flesh is vulnerable to fire.
You are immune to poison.
Your flesh is cold resistant. (rC+)
You are immune to negative energy. (rN+++)
You are immune to unholy pain and torment.
You can survive without breathing.
You are in touch with the powers of death.


Message History

The tyrant leech is moderately wounded.
You are struck by an arc of lightning.
* * * LOW HITPOINT WARNING * * *
The spriggan druid is struck by an arc of lightning.
The spriggan druid is severely wounded.
The lightning grounds out.
The spriggan druid barely misses you.
Unknown command.
Unknown command.
Unknown command.
Unknown command.
Okay, then.
Unknown command.
The spriggan druid gestures at you while chanting.
The stone arrow hits you but does no damage.
The spriggan druid points at you and mumbles some strange words.
The stone arrow hits you!
* * * LOW HITPOINT WARNING * * *
Uskayaw links your audience in an emotional bond!
The spriggan druid splashes around in the water.
You can no longer merge with and destroy a victim.
The spriggan druid is no longer sharing its pain.
The tyrant leech is no longer sharing its pain. x2
You block the spriggan druid's attack. You block the spriggan druid's attack.
You can no longer pass through a line of other dancers.
The spriggan druid hits you but does no damage.
The spriggan druid splashes around in the water.
The spriggan druid points at you and mumbles some strange words.
The stone arrow hits you!!
* * * LOW HITPOINT WARNING * * *
The spriggan druid gestures at you while chanting.
The stone arrow hits you but does no damage.
Unknown command.
The spriggan druid casts a spell.
The forest starts to sway and rumble!
You enter the shallow water.
Moving in this stuff is going to be slow.
A tree reaches out and hits you!
* * * LOW HITPOINT WARNING * * *
A root smacks you from below!
* * * LOW HITPOINT WARNING * * *
You enter the shallow water.
Moving in this stuff is going to be slow.
Tree limbs sway around you. A tree reaches out and hits you!
* * * LOW HITPOINT WARNING * * *
You are hit by a branch!
* * * LOW HITPOINT WARNING * * *
The tyrant leech bites you!!
You die...

≈.≈≈≈≈........≈.≈..≈≈≈≈.♣♣♣♣
♣≈≈.≈≈...§≈≈≈≈.♣♣♣.≈≈≈..♣≈.♣♣♣
♣...♣♣♣.≈≈≈≈≈≈.♣♣..≈....≈♣.!≈♣
♣♣♣♣♣♣..≈≈≈≈..≈♣♣...≈≈....≈♣♣♣
♣♣
♣♣.≈≈≈.....≈≈.§≈≈≈≈....♣♣♣♣≈
♣♣♣♣..≈≈≈.≈♣.≈≈≈≈≈......♣..
♣♣♣♣♣ ♣♣♣§≈≈..≈.§≈≈≈≈.♣≈....≈.
♣♣♣♣≈.≈♣♣
♣♣♣.≈≈♣♣≈♣♣♣♣♣♣≈§≈≈.♣.
..≈..≈≈≈♣ ♣♣..@..♣♣ ♣♣♣.≈≈..
§≈≈≈≈≈≈≈♣♣ ♣♣!.≈≈wi.♣♣♣♣
♣♣♣♣.≈
≈≈≈≈.≈≈≈.♣♣♣.≈≈≈≈≈≈≈...♣♣ ♣≈≈
≈≈≈≈♣♣...≈..§≈§.≈≈≈≈≈...♣♣ ♣♣.
.≈≈.♣♣♣.≈≈≈.♣♣§♣≈w≈≈≈≈...♣ ♣♣
.≈≈≈♣♣≈≈≈≈≈≈♣♣♣§§..≈≈≈...♣♣ ♣
.≈≈≈.♣..≈≈≈≈♣ ♣♣♣♣♣.≈...≈≈♣ ♣
≈≈≈...≈.....♣♣♣. ♣.≈.≈♣..♣
≈≈≈≈≈≈..♣♣♣.♣♣.≈ ♣♣.≈♣♣♣♣♣ ≈≈≈


You could see 2 tyrant leeches and a spriggan druid.

Vanquished Creatures
  Mara (Spider:3)
  Arachne (Spider:3)
  2 ghost moths (Spider:4)
  An emperor scorpion (Spider:4)
  3 entropy weavers (Spider:2)
  A stone giant (Volcano)
  3 spark wasps
  Josephine (Lair:4)
  2 vault guards (D:14)
  11 hydras
  2 ogre magi
  A shambling mangrove (Swamp:2)
  7 two-headed ogres
  5 alligators
  A centaur warrior (D:13)
  A tengu warrior (D:15)
  An orc high priest (Orc:2)
  A deep elf knight (D:14)
  A spriggan druid (Swamp:2)
  3 unseen horrors
  4 large abominations (D:10)
  2 wizards
  A swamp dragon (Swamp:3)
  5 orc knights (Orc:2)
  A lindwurm (Lair:3)
  Pikel (D:8)
  2 cyclopes
  4 oklob plants
  10 orb spiders
  2 orc sorcerers
  3 deep elf magi
  20 wolf spiders
  12 ugly things
  A manticore (D:14)
  2 moths of wrath
  6 black mambas
  3 elephants (Lair:6)
  Psyche (D:8)
  4 ice statues
  A gargoyle (D:15)
  2 centaur skeletons
  22 spiny frogs
  2 orange demons (D:15)
  A rime drake (Lair:5)
  A yaktaur (D:14)
  An efreet (Volcano)
  5 komodo dragons
  A freezing wraith (D:15)
  9 demonic crawlers
  A kobold demonologist (D:15)
  An anaconda simulacrum (IceCv)
  A tengu conjurer (D:13)
  A troll (shapeshifter) (D:15)
  4 trolls
  A blink frog (shapeshifter) (D:15)
  5 polar bears
  5 tyrant leeches
  7 slime creatures
  23 jumping spiders
  13 hornets
  3 bog bodies
  29 blink frogs
  A raiju (shapeshifter) (D:15)
  12 hippogriffs
  5 dream sheep (Lair:1)
  64 redbacks
  35 yaks
  2 tarantellas (shapeshifter) (D:15)
  2 shadows (Swamp:2)
  A human (D:14)
  22 tarantellas
  6 basilisks
  16 spriggans
  5 wraiths (Lair:4)
  7 wyverns
  A fire elemental (Volcano)
  A steam dragon (Lair:2)
  11 vampire mosquitoes
  A harpy simulacrum (IceCv)
  6 insubstantial wisps
  5 wargs
  2 soldier ants
  8 swamp worms
  2 hydra simulacra (IceCv)
  An iron troll simulacrum (IceCv)
  11 porcupines
  A hornet zombie (D:15)
  40 orc warriors
  9 water moccasins
  10 ice beasts
  3 sky beasts
  2 black bears
  4 phantoms
  2 swamp drakes
  13 boggarts
  An eye of draining (D:11)
  3 necrophages
  15 ogres
  15 wolves (Lair:6)
  11 centaurs
  11 crocodiles
  6 big kobolds
  12 bullfrogs
  An earth elemental (Volcano)
  6 small abominations (D:10)
  2 scorpions
  4 wights (D:9)
  8 killer bees
  2 howler monkeys
  7 electric eels
  7 crimson imps
  2 bullfrog zombies
  2 quasits
  4 centaur zombies
  3 hounds
  6 iron imps (D:15)
  13 orc priests
  2 jellies
  13 orc wizards
  2 bullfrog skeletons (D:9)
  Terence (D:3)
  An iguana (D:12)
  7 worker ants
  2 hound zombies
  A worker ant zombie (D:5)
  20 adders
  A river rat (D:5)
  7 oozes
  7 worms
  A dart slug (D:3)
  6 leopard geckos
  102 orcs
  4 bats
  8 giant cockroaches
  6 goblins
  7 hobgoblins
  7 jackals (D:5)
  9 kobolds
  6 quokkas
  3 ball pythons (Sewer)
  5 frilled lizards
  A jackal skeleton (D:7)
  A quokka skeleton (D:4)
  8 rats
  A briar patch (Swamp:2)
  A plant (Lair:4)
964 creatures vanquished.

Vanquished Creatures (collateral kills)
  A hornet (Swamp:2)
  A spriggan (Swamp:2)
2 creatures vanquished.

Vanquished Creatures (others)
  2 ghost moths (Spider:4)
  4 emperor scorpions
  A very ugly thing (Swamp:2)
  An entropy weaver (Spider:4)
  A spark wasp (Spider:4)
  2 vault guards (D:14)
  2 hydras
  2 centaur warriors (D:13)
  3 two-headed ogres (D:15)
  4 alligators
  An ogre mage (D:15)
  A deep troll (shapeshifter) (D:15)
  2 orb spiders (Spider:4)
  3 ugly things
  A deep elf mage (D:12)
  4 orc knights
  2 wolf spiders (Spider:4)
  An elephant (D:9)
  A moth of wrath (Spider:2)
  2 centaur zombies
  4 ice statues (IceCv)
  2 gargoyles (Volcano)
  3 spiny frogs
  A centaur skeleton (D:12)
  A demonic crawler (Spider:1)
  9 jumping spiders
  3 polar bears (Lair:6)
  3 tyrant leeches
  A queen bee (Spider:2)
  3 hornets
  2 blink frogs
  A slime creature (D:12)
  2 bog bodies
  A large abomination (D:10)
  2 hippogriffs
  13 redbacks
  A vampire (D:14)
  2 dire elephant simulacra (IceCv)
  5 tarantellas
  A yak (Lair:5)
  2 vampire mosquitoes
  2 insubstantial wisps
  2 iron troll simulacra (IceCv)
  A swamp worm (Swamp:2)
  4 wargs
  A water moccasin (Lair:5)
  A small abomination (D:10)
  3 porcupines
  3 orc warriors
  A hornet zombie (D:14)
  An ice beast (IceCv)
  2 wolves (Lair:6)
  An ogre (D:12)
  2 crocodiles
  A bullfrog (D:13)
  2 earth elementals (Volcano)
  3 killer bees
  A bullfrog skeleton (D:8)
  5 orc wizards
  An orc (Orc:2)
  10 fungi
  7 plants
156 creatures vanquished.

Grand Total: 1122 creatures vanquished

Notes
Turn   | Place    | Note
-------+----------+-------------------------------------------
     0 | D:1      | Flugkiller the Mummy Air Elementalist began the quest for
                  | the Orb.
     0 | D:1      | Reached XP level 1. HP: 13/13 MP: 4/4
   549 | D:1      | Reached XP level 2. HP: 19/19 MP: 2/5
   579 | D:1      | Learned a level 2 spell: Swiftness
   643 | D:1      | Reached skill level 3 in Spellcasting
  1168 | D:2      | Reached XP level 3. HP: 19/24 MP: 2/7
  1549 | D:2      | Learned a level 3 spell: Static Discharge
  1775 | D:2      | Found an ancient bone altar of Kikubaaqudgha.
  2139 | D:3      | Reached XP level 4. HP: 26/30 MP: 2/8
  2578 | D:3      | Reached XP level 5. HP: 35/35 MP: 4/9
  2897 | D:3      | Found a faded altar of an unknown god.
  2917 | D:3      | Reached skill level 5 in Air Magic
  3099 | D:3      | Noticed Terence
  3120 | D:3      | Killed Terence
  3591 | D:4      | Reached XP level 6. HP: 29/41 MP: 1/10
  3687 | D:4      | Learned a level 4 spell: Airstrike
  4006 | D:4      | Reached skill level 1 in Conjurations
  4214 | D:5      | Entered Level 5 of the Dungeon
  4328 | D:4      | Reached skill level 4 in Spellcasting
  4429 | D:5      | Found a staircase to the Ecumenical Temple.
  4438 | Temple   | Entered the Ecumenical Temple
  4472 | Temple   | Became a worshipper of Uskayaw the Reveler
  4569 | D:5      | Reached * piety under Uskayaw
  4572 | D:5      | Reached XP level 7. HP: 46/46 MP: 5/13
  4572 | D:5      | Reached ** piety under Uskayaw
  4578 | D:5      | Reached *** piety under Uskayaw
  4837 | D:5      | Reached skill level 5 in Spellcasting
  4845 | D:5      | Found a glowing drain.
  4849 | Sewer    | Entered a sewer
  4986 | Sewer    | Reached XP level 8. HP: 49/52 MP: 7/16
  5255 | Sewer    | Reached skill level 6 in Spellcasting
  5563 | D:5      | Found a sacrificial altar of Ru.
  5589 | D:5      | Reached **** piety under Uskayaw
  6143 | D:6      | Reached skill level 7 in Spellcasting
  6294 | D:6      | Found Qaniom's Food Shoppe.
  6404 | D:6      | Found a radiant altar of Vehumet.
  6425 | D:6      | Reached skill level 1 in Fighting
  6535 | D:6      | Found an opulent altar of Gozag.
  6535 | D:6      | Found a glowing golden altar of the Shining One.
  6747 | D:7      | Reached XP level 9. HP: 59/59 MP: 2/19
  7263 | D:7      | Reached skill level 5 in Conjurations
  7272 | D:7      | Found a white marble altar of Elyvilon.
  7505 | D:8      | Noticed Psyche
  7510 | D:8      | Killed Psyche
  7792 | D:8      | Found a runed translucent gate.
  7792 | D:8      | Found a runed translucent gate.
  7792 | D:8      | Found a runed translucent gate.
  7792 | D:8      | Noticed Grendash's ghost (novice MiFi)
  7792 | D:8      | Noticed coffeespoons's ghost (novice TrHu)
  7792 | D:8      | Noticed wintastic's ghost (novice HOFi)
  7793 | D:8      | Noticed wintastic's ghost (novice MiFi)
  7793 | D:8      | Noticed milk's ghost (novice MiFi)
  7846 | D:8      | Found Ilewopt's Assorted Antiques.
  7851 | D:8      | Bought a worn bronze wand for 100 gold pieces
  8014 | D:8      | Found a shimmering blue altar of Sif Muna.
  8155 | D:8      | Noticed Pikel
  8159 | D:8      | Killed Pikel
  8780 | D:9      | Noticed an elephant
  9078 | D:9      | Reached skill level 1 in Invocations
  9080 | D:9      | Reached skill level 1 in Short Blades
  9080 | D:9      | Noticed a troll
  9088 | D:9      | Reached ***** piety under Uskayaw
  9128 | D:9      | Banished an elephant
  9128 | D:9      | Reached XP level 10. HP: 69/69 MP: 11/20
  9387 | D:9      | Learned a level 5 spell: Lightning Bolt
  9628 | D:9      | Found a staircase to the Lair.
 10173 | D:9      | Learned a level 3 spell: Mephitic Cloud
 10467 | D:10     | Entered Level 10 of the Dungeon
 10482 | D:10     | Reached skill level 5 in Invocations
 11390 | D:10     | Reached skill level 5 in Fighting
 11532 | D:10     | Noticed a large abomination
 11562 | D:10     | Killed a large abomination
 11715 | D:10     | Noticed a wizard
 11721 | D:10     | Killed a wizard
 11721 | D:10     | Reached XP level 11. HP: 58/81 MP: 1/21
 11961 | D:10     | Noticed a large abomination
 11999 | D:10     | Killed a large abomination
 12000 | D:10     | Reached skill level 5 in Short Blades
 12494 | D:10     | Noticed a large abomination
 12533 | D:10     | Killed a large abomination
 12736 | D:10     | Got a translucent hand crossbow
 12747 | D:10     | Identified the cursed +2 hand crossbow of the Modern Runes
                  | {venom, rF+ Str+2} (You found it on level 10 of the
                  | Dungeon)
 12839 | D:11     | Noticed a deep elf mage
 12843 | D:11     | Killed a deep elf mage
 13748 | D:11     | Found a roughly hewn altar of Beogh.
 13748 | D:11     | Found a staircase to the Orcish Mines.
 14115 | D:11     | Noticed a seven-headed hydra
 14363 | D:11     | Killed a seven-headed hydra
 14523 | D:11     | Noticed an unseen horror
 14529 | D:11     | Killed an unseen horror
 14535 | D:11     | Reached skill level 5 in Dodging
 14836 | Lair:1   | Entered Level 1 of the Lair of Beasts
 14958 | Lair:1   | Noticed an eight-headed hydra
 14966 | Lair:1   | Killed an eight-headed hydra
 15377 | Lair:1   | Reached XP level 12. HP: 69/88 MP: 3/22
 16110 | Lair:1   | Reached skill level 10 in Air Magic
 17375 | Lair:2   | Reached ****** piety under Uskayaw
 17403 | Lair:2   | Reached skill level 5 in Stealth
 18125 | Lair:3   | Found a hole to the Spider Nest.
 18176 | Lair:3   | Noticed a five-headed hydra
 18187 | Lair:3   | Killed a five-headed hydra
 18302 | Lair:3   | Got a slimy chain mail
 18314 | Lair:3   | Identified the +11 chain mail of the Abyss {rF+ Int-2
                  | Stlth+} (You found it on level 3 of the Lair of Beasts)
 18510 | Lair:3   | Found a staircase to the Swamp.
 18580 | Lair:3   | Found a dark tunnel.
 18619 | Volcano  | Entered a volcano
 18749 | Volcano  | Gained mutation: You are in touch with the powers of death.
                  | [Mummy growth]
 18749 | Volcano  | Reached XP level 13. HP: 98/98 MP: 23/23
 18754 | Volcano  | Noticed a stone giant
 18766 | Volcano  | Killed a stone giant
 20430 | Lair:4   | Reached skill level 1 in Armour
 20818 | Lair:4   | Noticed Josephine
 20829 | Lair:4   | Killed Josephine
 22117 | Lair:5   | Reached skill level 5 in Armour
 22992 | Lair:5   | Got a scintillating bronze ring
 23079 | Lair:5   | Identified the ring of Pyguiz {Ice Slay+2 SInv} (You found
                  | it on level 5 of the Lair of Beasts)
 23099 | Lair:6   | Entered Level 6 of the Lair of Beasts
 23280 | Lair:6   | Reached XP level 14. HP: 99/105 MP: 21/24
 23805 | Lair:6   | Identified a scroll of acquirement
 23807 | Lair:6   | Identified the ring of Megalomania {MR+ MP+9 Dex+6} (You
                  | acquired it on level 6 of the Lair of Beasts)
 23807 | Lair:6   | Identified the +2 helmet of Dawn {*Corrode rN++} (You
                  | acquired it on level 6 of the Lair of Beasts)
 24150 | Lair:6   | Found a staircase to the Slime Pits.
 24150 | Lair:6   | Found a viscous altar of Jiyva.
 26419 | D:13     | Found a gateway to a bazaar.
 26753 | Bazaar   | Entered a bazaar
 26753 | Bazaar   | Found Nicariu's Magic Scroll Boutique.
 26753 | Bazaar   | Found Foetsirr's Assorted Antiques.
 26753 | Bazaar   | Found Batreyp's Gadget Shop.
 26753 | Bazaar   | Found Zushrumn's Magic Scroll Shoppe.
 26755 | Bazaar   | Found Moohoam's Magic Scroll Shop.
 26755 | Bazaar   | Found Oraref's Book Emporium.
 26808 | Bazaar   | Bought a book of Unlife for 520 gold pieces
 26808 | Bazaar   | Bought a book of the Sky for 520 gold pieces
 26819 | Bazaar   | Bought 3 scrolls of enchant armour for 292 gold pieces
 26835 | Bazaar   | Bought a scroll of enchant armour for 90 gold pieces
 26835 | Bazaar   | Bought a scroll of fear for 42 gold pieces
 26850 | Bazaar   | Bought a scroll of teleportation for 39 gold pieces
 26883 | D:14     | Found Myenkysch's Book Shoppe.
 27999 | D:14     | Paralysed by a wizard for 2 turns
 28387 | D:14     | Reached skill level 1 in Shields
 28387 | D:14     | Reached XP level 15. HP: 97/113 MP: 25/25
 28464 | D:14     | Found a gate to the Vaults.
 28664 | D:15     | Entered Level 15 of the Dungeon
 28703 | D:15     | Found a basalt altar of Yredelemnul.
 29103 | D:15     | Reached skill level 10 in Armour
 29592 | D:15     | Reached skill level 10 in Fighting
 29654 | D:15     | Found a staircase to the Depths.
 30321 | Orc:1    | Entered Level 1 of the Orcish Mines
 30646 | Orc:1    | Found Caosm's General Store.
 30693 | Orc:2    | Entered Level 2 of the Orcish Mines
 30978 | Orc:2    | Found Boast's Weapon Shoppe.
 31380 | Orc:2    | Found Boufaz's Antique Weapon Emporium.
 31380 | Orc:2    | Found Yvvuheig's Food Shop.
 31904 | Orc:2    | Found a staircase to the Elven Halls.
 32257 | Orc:2    | Found Wounwaklero's Assorted Antiques.
 32257 | Orc:2    | Found Saczecoicw's Armour Emporium.
 32262 | Orc:2    | Bought a pair of bloodstained boots for 247 gold pieces
 32267 | Orc:2    | Identified the +5 pair of boots of the Furrier {rC+} (You
                  | bought it in a shop on level 2 of the Orcish Mines)
 32267 | Orc:2    | wow
 32293 | Orc:2    | Found a roughly hewn altar of Beogh.
 32369 | Orc:2    | Found a roughly hewn altar of Beogh.
 32522 | Orc:2    | Bought a +2 cloak of invisibility for 301 gold pieces
 32794 | Spider:1 | Entered Level 1 of the Spider Nest
 32829 | Spider:1 | Learned a level 4 spell: Summon Lightning Spire
 32835 | Spider:1 | Learned a level 5 spell: Borgnjor's Vile Clutch
 33695 | Spider:2 | Reached XP level 16. HP: 114/124 MP: 14/27
 33914 | Spider:2 | Reached skill level 8 in Spellcasting
 34125 | Spider:2 | Reached skill level 9 in Spellcasting
 34373 | Spider:3 | Reached skill level 10 in Spellcasting
 34381 | Spider:3 | Got a polished flail
 34386 | Spider:3 | Identified the cursed +1 flail of Courage {venom, *Corrode
                  | rC+ Str+4 Dex+2} (You found it on level 3 of the Spider
                  | Nest)
 34613 | Spider:3 | Noticed Mara
 34772 | Spider:3 | Noticed Flugkiller's illusion
 34901 | Spider:2 | Reached skill level 11 in Spellcasting
 35000 | Spider:3 | Noticed Flugkiller's illusion
 35306 | Spider:3 | Reached skill level 1 in Necromancy
 35330 | Spider:3 | Reached skill level 1 in Earth Magic
 35333 | Spider:3 | Killed Mara
 35333 | Spider:3 | Reached skill level 1 in Summonings
 35334 | Spider:3 | get rekt
 35728 | Spider:4 | Entered Level 4 of the Spider Nest
 35742 | Spider:4 | Noticed Arachne
 35753 | Spider:3 | Killed Arachne
 35969 | Spider:4 | Reached skill level 12 in Spellcasting
 35971 | Spider:4 | Found a frozen archway.
 35994 | IceCv    | Entered an ice cave
 37422 | Spider:4 | Reached skill level 5 in Necromancy
 37423 | Spider:4 | Reached XP level 17. HP: 105/131 MP: 31/33
 38784 | Spider:4 | Reached skill level 5 in Earth Magic
 38921 | Spider:4 | Reached skill level 5 in Summonings
 39118 | Spider:4 | Got a gossamer rune of Zot
 39340 | Swamp:1  | Entered Level 1 of the Swamp
 40951 | Swamp:2  | Identified the cursed +0 quick blade "Voili" {vamp, rPois
                  | Str-3 Int+3}
 40953 | Swamp:2  | Noticed DrMuscles's ghost (adept SpEn)
 40969 | Swamp:2  | Identified the +7 morningstar of Abomination {flame, *Drain
                  | +Blink Int+4 Stlth+}
 40969 | Swamp:2  | Identified the +5 broad axe of Otunaabibi {speed, rC+ rN+}
 41126 | Swamp:2  | Identified the amulet "Kucivvui" {+Inv Regen+ Str+4}
 41142 | Swamp:2  | Found a bloodstained altar of Trog.
 41149 | Swamp:2  | Found a transporter.
 41151 | Swamp:2  | Found a transporter.
 41905 | Swamp:3  | Slain by a tyrant leech

Levels and vault maps discovered:
D:1:      ncdulo_lavacross, layout_loops_ring, minmay_misc_feat_tiny,
          minmay_split_cup_small
D:2:      layout_rooms, kiku_gazebo_pond_becter, hex_intersection,
          minmay_misc_feat_nine_boxes
D:3:      layout_loops_ring, chequers_ecumenical_altar_island, uniq_terence
D:4:      layout_loops_ring
D:5:      layout_loops_cross, nicolae_ru_path_of_blood,
          minmay_temple_entry_waves, first_ration, gup_sewer_entry_bowl
D:6:      layout_loops_ring, vehumet_statue, gammafunk_temple_overflow_statue,
          serial_shops, nicolae_shop_stone
D:7:      layout_rooms, elyvilon_altar_5, corexii_item_surrounded_by_moat
D:8:      layout_basic, serial_shops, kennysheep_little_box,
          gammafunk_ghost_cemetery, basic_altar, the_bakery, uniq_psyche,
          uniq_pikel
D:9:      layout_roguey, david_lair_generic, chequers_big_river
D:10:     layout_basic, laboratory
D:11:     layout_roguey, david_orc_5, kennysheep_dice
D:12:     layout_basic
D:13:     layout_cave_pools, serial_shops, statue_bzr
D:14:     layout_rooms, grunt_vaults_entry_fortified, serial_shops, shop,
          hangedman_decor_slide_cut
D:15:     gammafunk_enter_depths_forms, layout_loops_corners, minivault_11,
          lemuel_hellish_altar
Temple:   nicolae_temple_elliptical
Lair:1:   layout_regular_city, beast_lair_carwin_1
Lair:2:   layout_loops_ring
Lair:3:   layout_chaotic_city, minmay_swamp_entry_swarm, spider_nest_entry_webs,
          nicolae_volcano_entry_vermiform, minivault_27
Lair:4:   layout_regular_city, minmay_lair_oklob_items, st_stairs_10,
          uniq_josephine
Lair:5:   layout_long_grid, grunt_megastairs_4, minmay_lair_oklob_chamber
Lair:6:   minmay_lair_end_enchanted_forest, layout_cave_pods, slime_altar_1
Swamp:1:  layout_basic_swamp, evilmike_swamp_ruin_rubble_1, swamp_pool3
Swamp:2:  layout_falls_marsh, gammafunk_ghost_wrathful_warriors,
          evilmike_swamp_ruin_house_2
Swamp:3:  layout_basic_swamp, evilmike_swamp_ruin_house_5
Spider:1: layout_spider_delve
Spider:2: layout_spider_delve
Spider:3: layout_spider_delve, uniq_mara
Spider:4: spider_rune_water, portal_ice_cave_entry_ice_statue_two, uniq_arachne
Orc:1:    layout_caves, serial_shops, shop
Orc:2:    st_orc_town, layout_caves, serial_shops, nicolae_shop_trees,
          bh_open_orc_temple

Skill      XL: |  1  2  3  4  5  6  7  8  9 10 11 12 13 14 15 16 17 |
---------------+----------------------------------------------------+-----
Spellcasting   | 3 4 5 7 12 | 12.0
Air Magic      | 3 4 5 6 7 8 9 10 | 10.0
Conjurations   | 2 3 4 6 7 9 |  9.4
Fighting       | 1 2 5 6 8 9 10 11 | 11.0
Dodging        | 2 3 5 6 7 |  7.4
Invocations    | 1 5 7 9 |  9.0
Short Blades   | 1 4 5 6 8 |  8.0
Stealth        | 4 5 |  5.0
Armour         | 7 9 10 11 | 11.0
Shields        | 1 4 |  4.0
Necromancy     | 5 8 |  8.1
Earth Magic    | 4 6 |  6.7
Summonings     | 4 6 |  6.6

Action                   |  1- 3 |  4- 6 |  7- 9 | 10-12 | 13-15 | 16-18 || total
-------------------------+-------+-------+-------+-------+-------+-------++-------
Melee: Unarmed           |    12 |       |       |       |       |       ||    12
       Flail             |       |     1 |       |       |       |       ||     1
       Trident           |       |    32 |    23 |       |       |       ||    55
       Dagger            |       |       |    14 |   152 |  1295 |   938 ||  2399
Throw: Dart              |       |       |       |       |     1 |       ||     1
 Cast: Shock             |   100 |   141 |   246 |   210 |   341 |   221 ||  1259
       Static Discharge  |       |     4 |     1 |    11 |    28 |    21 ||    65
       Airstrike         |       |     1 |    35 |   177 |    42 |    22 ||   277
       Lightning Bolt    |       |       |       |    15 |       |       ||    15
       Mephitic Cloud    |       |       |       |     2 |     2 |     2 ||     6
       Swiftness         |       |       |       |     1 |     2 |       ||     3
       Summon Lightning  |       |       |       |       |       |     1 ||     1
Invok: Line Pass         |       |       |       |     1 |       |       ||     1
       Stomp             |       |       |       |       |     1 |       ||     1
       Grand Finale      |       |       |       |       |     3 |     2 ||     5
 Abil: Evoke Invisibilit |       |       |       |       |       |     4 ||     4
Evoke: Phantom mirror    |       |       |       |     1 |       |       ||     1
       Wand              |       |       |       |     7 |    21 |     7 ||    35
       Lightning rod     |       |       |       |       |     5 |       ||     5
       Phial of floods   |       |       |       |       |     1 |       ||     1
  Use: Scroll            |     2 |     5 |     6 |     9 |    15 |     6 ||    43
 Stab: Paralysed         |       |       |     4 |    16 |    85 |    49 ||   154
       Distracted        |       |       |     1 |       |       |       ||     1
       Sleeping          |       |       |     1 |       |       |       ||     1
       Confused          |       |       |       |     1 |     1 |     1 ||     3
       Held in net/web   |       |       |       |       |       |     2 ||     2
       Invisible         |       |       |       |       |       |     5 ||     5
Armor: Robe              |     8 |    19 |    28 |    25 |       |       ||    80
       Steam dragon scal |       |       |       |    11 |       |       ||    11
       Chain mail        |       |       |       |     1 |   692 |   695 ||  1388
Dodge: Dodged            |    26 |    50 |    52 |    94 |   412 |   389 ||  1023
Block: Buckler           |       |       |       |       |   168 |   290 ||   458

Table legend:
 A = Non-vault XP
 B = Vault XP
 C = Vault XP percentage of total XP
 D = Non-vault monster count
 E = Vault monster count
 F = Vault count percentage of total count
                 A         B        C        D         E       F
            +---------+---------+-------+---------+---------+-------
      Total |  180330 |   91479 |  33.7 |     775 |     335 |  30.2
            +---------+---------+-------+---------+---------+-------
        D:1 |      18 |       4 |  18.2 |       9 |       3 |  25.0
        D:2 |      56 |       0 |   0.0 |      15 |       0 |   0.0
        D:3 |     209 |      36 |  14.7 |      26 |       1 |   3.7
        D:4 |     286 |       0 |   0.0 |      15 |       0 |   0.0
        D:5 |     794 |      18 |   2.2 |      26 |       3 |  10.3
        D:6 |     581 |       0 |   0.0 |      15 |       0 |   0.0
        D:7 |     488 |       0 |   0.0 |      12 |       0 |   0.0
        D:8 |     522 |    1285 |  71.1 |      11 |       3 |  21.4
        D:9 |    2909 |     856 |  22.7 |      40 |       4 |   9.1
       D:10 |    1544 |    3903 |  71.7 |      16 |      13 |  44.8
       D:11 |    1949 |    3061 |  61.1 |      13 |      26 |  66.7
       D:12 |    5962 |       0 |   0.0 |      43 |       0 |   0.0
       D:13 |    4637 |     433 |   8.5 |      24 |       1 |   4.0
       D:14 |    7190 |    6912 |  49.0 |      24 |      10 |  29.4
       D:15 |   17473 |    4670 |  21.1 |      45 |      20 |  30.8
     Lair:1 |    5714 |    1118 |  16.4 |      22 |       6 |  21.4
     Lair:2 |    5740 |       0 |   0.0 |      27 |       0 |   0.0
     Lair:3 |    5318 |    1782 |  25.1 |      18 |       7 |  28.0
     Lair:4 |    3572 |    3431 |  49.0 |      14 |      10 |  41.7
     Lair:5 |    9427 |    3279 |  25.8 |      35 |      10 |  22.2
     Lair:6 |    9750 |    9173 |  48.5 |      32 |      47 |  59.5
    Swamp:1 |    8735 |       0 |   0.0 |      15 |       0 |   0.0
    Swamp:2 |   13595 |     505 |   3.6 |      36 |       1 |   2.7
    Swamp:3 |    8891 |       0 |   0.0 |      26 |       0 |   0.0
   Spider:1 |    6281 |       0 |   0.0 |      18 |       0 |   0.0
   Spider:2 |   17427 |       0 |   0.0 |      47 |       0 |   0.0
   Spider:3 |   15946 |   11729 |  42.4 |      51 |       2 |   3.8
   Spider:4 |   20924 |   20674 |  49.7 |      55 |      43 |  43.9
      Orc:1 |    1290 |     311 |  19.4 |      15 |       2 |  11.8
      Orc:2 |    3102 |    9092 |  74.6 |      30 |      65 |  68.4
      Sewer |       0 |     610 | 100.0 |       0 |      28 | 100.0
      IceCv |       0 |    5747 | 100.0 |       0 |      22 | 100.0
    Volcano |       0 |    2850 | 100.0 |       0 |       8 | 100.0
            +---------+---------+-------+---------+---------+-------
